 Dungeon Crawl Stone Soup version 0.26-a0-597-gb535b0901c (webtiles) character file.

Game seed: 14326949527985250405

17420 tinderslut the Grappler (level 12, -1/100 (101) HPs)
             Began as a Troll Transmuter on Aug 31, 2020.
             Was an Elder of Hepliaklqana.
             Slain by an unseen horror (8 damage)
             ... on level 12 of the Dungeon.
             The game lasted 00:36:30 (11426 turns).

tinderslut the Grappler (Troll Transmuter)         Turns: 11426, Time: 00:36:31

HP:   -1/100 (101)  AC: 10    Str: 34    XL:     12   Next: 18%
MP:   15/15         EV:  9    Int: 10    God:    Hepliaklqana [****..]
Gold: 2078          SH: 12    Dex: 10    Spells: 13/17 levels left

rFire    . . .     SeeInvis .     - Unarmed
rCold    . . .     Faith    .   p - +0 kite shield
rNeg     . . .     Spirit   .   H - +3 robe "Voishets" {Str+4}
rPois    +         Reflect  .   s - +1 hat
rElec    .         Harm     .   (no cloak)
rCorr    .                      (gloves unavailable)
MR       .....                  (boots unavailable)
Stlth    +.........             (no amulet)
HPRegen  0.66/turn              y - ring of poison resistance
MPRegen  0.14/turn              q - +6 ring of strength

@: no status effects
A: large, unfitting armour, reduced essence, claws 3, regeneration 1, shaggy fur
1, tough skin 3
a: Recall Ancestor, Ancestor Identity, Transference, Idealise, Renounce Religion


You were on level 12 of the Dungeon.
You worshipped Hepliaklqana.
Hepliaklqana was greatly pleased with you.
You visited 1 branch of the dungeon, and saw 12 of its levels.
You also visited: Ossuary and Bailey.

You collected 2339 gold pieces.
You spent 261 gold pieces at shops.

Inventory:

Hand Weapons
 D - the +2 morningstar of Roejuseu {vorpal, rF+ rC+ Str+2 Dex-2}
   (You bought it in a shop on level 7 of the Dungeon)

   It inflicts extra damage upon your enemies.
   It affects your strength (+2).
   It affects your dexterity (-2).
   It protects you from fire.
   It protects you from cold.
 P - a +0 trident
Missiles
 b - 4 silver javelins
 r - 21 poisoned darts
 v - 13 boomerangs
 A - 3 atropa-tipped darts
 E - 4 throwing nets
 N - 4 curare-tipped darts (quivered)
Armour
 a - a +0 robe
 p - a +0 kite shield (worn)
 s - a +1 hat (worn)
 H - the +3 robe "Voishets" (worn) {Str+4}
   (You found it on level 9 of the Dungeon)

   It affects your strength (+4).
 O - a +0 hat of intelligence
Jewellery
 q - a +6 ring of strength (right claw)
 w - an uncursed ring of ice
 y - a ring of poison resistance (left claw)
 M - an uncursed ring of protection from cold
Wands
 m - a wand of enslavement (16)
 t - a wand of paralysis (1)
 u - a wand of digging (6)
 F - a wand of acid (6)
 K - a wand of polymorph (8)
 Q - a wand of iceblast (10)
Scrolls
 d - 8 scrolls of teleportation
 g - 4 scrolls of remove curse
 h - 4 scrolls of identify
 i - 2 scrolls of magic mapping
 j - 2 scrolls of fear
 k - 2 scrolls of amnesia
 l - a scroll of immolation
 n - a scroll of fog
 x - a scroll of noise
 B - a scroll of blinking
 C - a scroll of enchant weapon
Potions
 c - 6 potions of lignification
 e - 3 potions of berserk rage
 f - a potion of brilliance
 o - 6 potions of curing
 z - a potion of haste
 G - a potion of cancellation
 I - 3 potions of might
 J - 2 potions of stabbing
 L - 2 potions of invisibility


   Skills:
 * Level 5.9 Fighting
 - Level 4.0 Maces & Flails
 - Level 0.2 Polearms
 + Level 3.7 Throwing
 * Level 2.8 Armour
 - Level 1.5 Dodging
 - Level 0.1 Stealth
 * Level 8.2 Shields
 + Level 12.6 Unarmed Combat
 - Level 3.0 Spellcasting
 - Level 3.3 Transmutations
 * Level 3.1 Invocations
 + Level 0.2 Evocations


You had 13 spell levels left.
You knew the following spells:

 Your Spells              Type           Power        Failure   Level
a - Beastly Appendage     Tmut           #.....       9%          1
b - Wereblood             Tmut           #.......     13%         2
c - Apportation           Tloc           #.....       32%         1

Your spell library contained the following spells:

 Spells                   Type           Power        Failure   Level
 Spider Form              Tmut/Pois      #.........   45%         3
 Confusing Touch          Hex            #.......     67%         3
 Gell's Gravitas          Tloc           #.........   67%         3
 Lesser Beckoning         Tloc           #.........   67%         3
 Tukima's Dance           Hex            #.......     67%         3
 Ice Form                 Ice/Tmut       #.......     86%         4
 Petrify                  Tmut/Erth      #.......     86%         4
 Blade Hands              Tmut           #.........   93%         5
 Alistair's Intoxication  Tmut/Pois      #........    99%         5
 Yara's Violent Unravell  Hex/Tmut       #.........   99%         5
 Metabolic Englaciation   Hex/Ice        #.........   100%        5
 Invisibility             Hex            #.......     100%        6


Dungeon Overview and Level Annotations

Branches:
Dungeon (12/15)            Temple (0/1) D:4            Lair (0/6) D:10
    Orc (0/2) D:12        Ossuary (visited)          Bailey (visited)

Altars:
Ashenzari
Dithmenos
Fedhas
Hepliaklqana
Kikubaaqudgha
Nemelex Xobeh
Ru
Trog
Wu Jian
Xom
Yredelemnul
The Shining One

Shops:
D:7 (   D:9 }(!   D:10 (   D:11 }

Annotations:
D:1 exclusion: downstairs
D:4 3 runed translucent doors, viperstalker's ghost, amateur PaFi
D:10 exclusion: downstairs
D:11 2 transporters, Ifackof's ghost, journeyman DDFi


Innate Abilities, Weirdness & Mutations

You are too large for most types of armour.
You have claws for hands.
Your natural rate of healing is unusually fast.
You are covered in fur. (AC +1)
You have extremely tough skin. (AC +3)
Your life essence is reduced to manifest your ancestor. (-10% HP)


Message History

* * * LOW HITPOINT WARNING * * *
Deactivating autopickup; reactivate with Ctrl-A.
Something hits you.
* * * LOW HITPOINT WARNING * * *
Zoran hits something but does no damage.
Something hits you.
* * * LOW HITPOINT WARNING * * *
Zoran gestures at the large slime creature while chanting.
The large slime creature appears confused.
Unknown command.
You mangle the large slime creature!!
The large slime creature is almost dead.
Something hits you.
* * * LOW HITPOINT WARNING * * *
The large slime creature hits you!
* * * LOW HITPOINT WARNING * * *
Unknown command.
You block something's attack. Something hits you!
You die...

*,* #.##.....##......,,,
*,*****#####....^..........,,≈≈
*,,,,,,.>..................,,≈≈
*,,,,,,.....#######........,,≈≈
*,,,,,,.....#######.#######.,≈≈
*,,,,,,...>.................,≈≈
*,,,,,,.......{.J...........,≈≈
*******#/.....{.R.######....,≈≈
*******#......@...# *,.##,≈≈
*,,,,,,...........#*****,,**,≈≈
*,,,,,,.................,,,,,≈≈
*,*****####...........##****,≈≈
*,* #.########..# *,,, *,* #.*
*..# ****
*,********#.********,.#********
*,,,,,,,,,,,,,,,,,,,,,,,,,,,,,,
*,,,,,,,,,,,,,,,,,,,,,,,,,,,,,,


You could see the friendly Zoran the hexer and a large slime creature (confused,
slow, drained).

Vanquished Creatures
  Gastronok (D:11)
  Snorg (D:11)
  A hydra (D:12)
  Harold (D:7)
  A two-headed ogre (D:10)
  Sonja (D:11)
  3 orc knights (Bailey)
  A cyclops (D:11)
  A centaur zombie (D:11)
  2 trolls
  2 hippogriffs
  3 slime creatures (D:12)
  3 yaks
  A wyvern (D:9)
  2 porcupines (D:10)
  A water moccasin (D:6)
  10 orc warriors
  An ice beast (D:7)
  A hornet zombie (D:11)
  3 sky beasts
  An eye of draining (D:11)
  2 phantoms
  5 necrophages
  3 ogres
  6 centaurs
  An elf zombie (Ossuary)
  A gnoll sergeant (D:11)
  9 bullfrogs
  7 scorpions
  4 spriggan skeletons (D:9)
  3 howler monkeys (D:10)
  A troll skeleton (D:9)
  A jelly (D:9)
  2 quasits (D:6)
  2 centaur skeletons
  2 gnoll shamans
  6 hounds
  3 bullfrog skeletons
  2 human zombies (Ossuary)
  6 orc wizards
  4 orc priests
  Terence (D:3)
  4 iguanas
  2 worker ants
  2 big kobold zombies (Ossuary)
  A hound zombie (Ossuary)
  A hound skeleton (D:9)
  4 mummies (Ossuary)
  5 worker ant zombies
  A howler monkey zombie (D:6)
  13 adders
  13 gnolls
  A shadow imp (D:7)
  4 white imps
  4 ufetubi
  5 worms
  3 dart slugs
  4 leopard geckos
  38 orcs
  8 bats
  A giant cockroach (D:2)
  12 goblins
  6 hobgoblins
  8 jackals
  5 quokkas
  A ball python (D:1)
  4 frilled lizards
  2 goblin zombies (Ossuary)
  7 kobolds
  A kobold zombie (Ossuary)
  An orc zombie (Ossuary)
  A quokka zombie (D:6)
  4 rats
  2 rat zombies (Ossuary)
280 creatures vanquished.

Vanquished Creatures (collateral kills)
  A two-headed ogre (D:9)
  2 orc knights (Bailey)
  A hippogriff (D:9)
  A yak (D:10)
  An orc warrior (Bailey)
  A phantom (D:10)
  An ogre (D:5)
  A centaur (D:11)
  A scorpion (D:10)
  A spriggan skeleton (D:9)
  2 howler monkeys
  An orc priest (D:8)
  A hound (D:4)
  3 orc wizards
  3 gnolls
  2 adders
  7 orcs
  A bat (D:3)
  2 frilled lizards (D:2)
33 creatures vanquished.

Vanquished Creatures (others)
  8 hexers
  An ancestor (D:2)
  4 fungi
  9 plants
22 creatures vanquished.

Grand Total: 335 creatures vanquished

Notes
Turn   | Place    | Note
-------+----------+-------------------------------------------
     0 | D:1      | tinderslut the Troll Transmuter began the quest for the
                  | Orb.
     0 | D:1      | Reached XP level 1. HP: 18/18 MP: 1/1
   123 | D:1      | Reached skill level 1 in Fighting
   267 | D:1      | Reached XP level 2. HP: 27/27 MP: 0/3
   331 | D:1      | Learned a level 2 spell: Wereblood
   762 | D:2      | Found a hazy altar of Hepliaklqana.
   775 | D:2      | Became a worshipper of Hepliaklqana the Forgotten
   796 | D:2      | Reached XP level 3. HP: 21/29 MP: 2/4
   863 | D:2      | Noticed a phantom
   878 | D:2      | Killed a phantom
   878 | D:2      | Reached skill level 4 in Unarmed Combat
   878 | D:2      | Reached XP level 4. HP: 36/36 MP: 3/6
  1007 | D:2      | Found an ornate altar of the Wu Jian Council.
  1007 | D:2      | Found a shattered altar of Ashenzari.
  1012 | D:2      | Reached XP level 5. HP: 43/43 MP: 5/7
  1226 | D:2      | Found a glowing golden altar of the Shining One.
  1831 | D:3      | Reached * piety under Hepliaklqana
  1880 | D:3      | Reached XP level 6. HP: 43/49 MP: 8/8
  2047 | D:3      | Found a sparkling altar of Nemelex Xobeh.
  2049 | D:3      | Noticed Terence
  2056 | D:3      | Killed Terence
  2431 | D:4      | Found a staircase to the Ecumenical Temple.
  2489 | D:4      | Found a basalt altar of Yredelemnul.
  2563 | D:4      | Reached skill level 5 in Unarmed Combat
  2631 | D:4      | Found a shimmering altar of Xom.
  2659 | D:4      | Found a shimmering altar of Xom.
  2671 | D:4      | Reached XP level 7. HP: 17/55 MP: 8/10
  2849 | D:4      | Found a shimmering altar of Xom.
  2869 | D:4      | Found a shimmering altar of Xom.
  2936 | D:4      | Found a runed translucent gate.
  2963 | D:4      | Found a runed translucent gate.
  2964 | D:4      | Found a runed translucent gate.
  3055 | D:4      | Identified the +4 short sword "Goxel" {chaos, rF+ Str+3}
  3057 | D:4      | Noticed viperstalker's ghost (amateur PaFi)
  3108 | D:5      | Entered Level 5 of the Dungeon
  3123 | D:5      | Reached ** piety under Hepliaklqana
  3124 | D:5      | Remembered your ancestor Zoran as a hexer
  3337 | D:5      | Reached skill level 1 in Shields
  3696 | D:5      | Reached skill level 6 in Unarmed Combat
  3909 | D:5      | Found a blossoming altar of Fedhas.
  3967 | D:5      | Found a bloodstained altar of Trog.
  4072 | D:6      | Reached XP level 8. HP: 64/65 MP: 9/11
  4308 | D:6      | Reached skill level 7 in Unarmed Combat
  4404 | D:6      | Found a shadowy altar of Dithmenos.
  4506 | D:6      | Found a sacrificial altar of Ru.
  4811 | D:6      | Reached skill level 1 in Throwing
  5111 | D:7      | Reached *** piety under Hepliaklqana
  5166 | D:7      | Found an ancient bone altar of Kikubaaqudgha.
  5373 | D:7      | Found Licuo's Antique Weapon Emporium.
  5391 | D:7      | Bought a masterwork morningstar for 261 gold pieces
  5391 | D:7      | Identified the cursed +2 morningstar of Roejuseu {vorpal,
                  | rF+ rC+ Str+2 Dex-2} (You bought it in a shop on level 7 of
                  | the Dungeon)
  5576 | D:7      | Noticed Harold
  5594 | D:7      | Killed Harold
  5594 | D:7      | Reached skill level 8 in Unarmed Combat
  5594 | D:7      | Reached XP level 9. HP: 36/74 MP: 10/12
  6210 | D:8      | Reached skill level 9 in Unarmed Combat
  6374 | D:8      | Found a sand-covered staircase.
  6380 | Ossuary  | Entered an ossuary
  6604 | D:8      | Reached skill level 1 in Maces & Flails
  6824 | D:8      | Reached **** piety under Hepliaklqana
  7051 | D:9      | Noticed a two-headed ogre
  7062 | D:9      | Killed a two-headed ogre
  7062 | D:9      | Reached skill level 5 in Shields
  7062 | D:9      | Reached skill level 10 in Unarmed Combat
  7062 | D:9      | Reached XP level 10. HP: 63/83 MP: 11/13
  7244 | D:9      | Found Kudghanoc's Antique Weapon Shoppe.
  7427 | D:9      | Got a silken robe
  7438 | D:9      | Identified the +3 robe "Voishets" {Str+4} (You found it on
                  | level 9 of the Dungeon)
  7493 | D:9      | Found Gimmegg's Gadget Emporium.
  7833 | D:9      | Found Huhezonluo's Distillery.
  7957 | D:10     | Entered Level 10 of the Dungeon
  8075 | D:10     | Reached skill level 11 in Unarmed Combat
  8273 | D:10     | Found a staircase to the Lair.
  8294 | D:10     | Reached skill level 5 in Fighting
  8438 | D:10     | Found Qerats Utej's Antique Weapon Shoppe.
  8604 | D:10     | Noticed a two-headed ogre
  8615 | D:10     | Killed a two-headed ogre
  8743 | D:10     | Reached XP level 11. HP: 90/90 MP: 12/14
  9162 | D:11     | Noticed Ifackof's ghost (journeyman DDFi)
  9294 | D:11     | Noticed Sonja
  9882 | D:11     | Killed Sonja
  9882 | D:11     | Reached skill level 1 in Armour
  9882 | D:11     | Reached skill level 1 in Invocations
  9945 | D:11     | Found Ytoti's Gadget Emporium.
 10043 | D:11     | Noticed Snorg
 10081 | D:11     | Killed Snorg
 10081 | D:11     | Reached skill level 12 in Unarmed Combat
 10224 | D:11     | Noticed Gastronok
 10238 | D:11     | Killed Gastronok
 10562 | D:11     | Found a transporter.
 10564 | D:11     | Found a transporter.
 10617 | D:12     | Reached ***** piety under Hepliaklqana
 10633 | D:12     | Learned a level 1 spell: Apportation
 10646 | D:12     | Found a flagged portal.
 10664 | Bailey   | Entered a bailey
 10664 | Bailey   | Noticed an orc knight
 10664 | Bailey   | Noticed an orc knight
 10664 | Bailey   | Noticed an orc knight
 10716 | Bailey   | Killed an orc knight
 10797 | Bailey   | Noticed an orc knight
 10804 | Bailey   | Killed an orc knight
 10805 | Bailey   | Noticed an orc knight
 10828 | Bailey   | Killed an orc knight
 11098 | Bailey   | Killed an orc knight
 11098 | Bailey   | Reached XP level 12. HP: 35/100 MP: 15/15
 11332 | D:12     | Noticed an eight-headed hydra
 11342 | D:12     | Killed an eight-headed hydra
 11426 | D:12     | Slain by an unseen horror

Illustrated notes

Levels and vault maps discovered:
D:1:      ebering_trefoil_twist, layout_basic
D:2:      layout_loops_cross, lemuel_doored_altar,
          nicolae_overflow_crystal_walls, minitemple
D:3:      layout_loops_ring, grunt_decor_mini_mirrors,
          nemelex_lonely_heart_becter, uniq_terence
D:4:      layout_rooms, yredelemnul_altar_generic, minmay_temple_entry_slanted,
          gammafunk_ghost_nasty_kobolds, xom_redecorated
D:5:      layout_basic, overflow_temple_1_default, lemuel_coloured_pillars_altar
D:6:      layout_basic, nicolae_ru_great_annihilating_truth,
          nicolae_dithmenos_through_a_glass_darkly
D:7:      layout_basic, kiku_gazebo_garden_becter, serial_shops,
          nicolae_shop_statue_plus, uniq_harold
D:8:      layout_loops_ring, enter_ossuary_1, minmay_misc_feat_nine_boxes,
          kennysheep_pointless_box
D:9:      minmay_s_stair_smasher, layout_cross, serial_shops,
          nicolae_shop_stone, shop, shop, hangedman_tell_no_tales
D:10:     layout_cave_pods, grunt_lair_entry_orc_guard_hut, serial_shops, shop
D:11:     layout_long_grid, serial_shops, shop_fountains,
          gammafunk_ghost_mausoleum, uniq_snorg, uniq_sonja, uniq_gastronok
D:12:     layout_long_grid, erik_orc_2, enter_bailey_3, serial_undead,
          serial_undead_a, serial_undead_d, serial_undead_d, serial_undead_f

Skill      XL: |  1  2  3  4  5  6  7  8  9 10 11 12 |
---------------+-------------------------------------+-----
Fighting       | 1 2 3 4 5 |  5.9
Unarmed Combat | 4 5 6 8 10 11 12 | 12.6
Spellcasting   | 2 3 |  3.0
Transmutations | 2 3 |  3.3
Shields        | 1 4 5 6 8 |  8.2
Throwing       | 1 2 3 |  3.7
Maces & Flails | 2 3 4 |  4.0
Armour         | 2 |  2.8
Invocations    | 2 3 |  3.1
Polearms       | |  0.2
Dodging        | |  1.5
Stealth        | |  0.1
Evocations     | |  0.2

Action                   |  1- 3 |  4- 6 |  7- 9 | 10-12 || total
-------------------------+-------+-------+-------+-------++-------
Melee: Unarmed           |    50 |   129 |   257 |   291 ||   727
       Kick              |     7 |    16 |    39 |    72 ||   134
       Headbutt          |     3 |    10 |    13 |    33 ||    59
       Punch             |     2 |     2 |       |       ||     4
       Trident           |       |       |       |    19 ||    19
       Morningstar       |       |       |       |     3 ||     3
Throw: Dart              |       |       |    12 |    45 ||    57
       Boomerang         |       |       |       |    11 ||    11
 Cast: Beastly Appendage |    17 |    37 |    36 |    45 ||   135
       Wereblood         |       |       |     1 |     2 ||     3
Invok: Ancestor Life: He |       |       |     1 |       ||     1
       Recall Ancestor   |       |       |       |     2 ||     2
       Idealise          |       |       |       |     1 ||     1
Evoke: Wand              |       |       |       |     3 ||     3
  Use: Scroll            |       |       |    13 |    10 ||    23
 Stab: Sleeping          |       |     1 |       |     1 ||     2
       Distracted        |       |       |     2 |     2 ||     4
       Paralysed         |       |       |       |     3 ||     3
       Confused          |       |       |       |     4 ||     4
Armor: Robe              |    23 |    34 |    68 |    60 ||   185
Dodge: Dodged            |    26 |    80 |    54 |    86 ||   246
Block: Kite shield       |       |       |    99 |   182 ||   281

Table legend: (Time is in decaauts)
 A = Elapsed time spent in this place.
 B = Non-inter-level travel time spent in this place.
 C = Inter-level travel time spent in this place.
 D = Time resting spent in this place.
 E = Time spent auto-exploring this place.
 F = Levels seen in this place.
 G = Mean time per level.
                   A        B        C        D        E       F      G
               +--------+--------+--------+--------+--------+-----+--------+
         Total |  11364 |  10900 |    464 |   1596 |   6998 |  14 |  811.7 |
       Dungeon |  10516 |  10052 |    464 |   1214 |   6899 |  12 |  876.3 |
       Ossuary |    190 |    190 |      0 |      0 |     99 |   1 |  190.0 |
        Bailey |    657 |    657 |      0 |    382 |      0 |   1 |  657.0 |
               +--------+--------+--------+--------+--------+-----+--------+

Top non-repeatable levels by time:
    D:10: 1754 daAuts
     D:7: 1009 daAuts
     D:6: 998 daAuts
     D:5: 955 daAuts
    D:11: 902 daAuts
     D:3: 848 daAuts
     D:9: 835 daAuts
     D:8: 819 daAuts
     D:2: 814 daAuts
     D:1: 718 daAuts
     D:4: 712 daAuts
  Bailey: 657 daAuts
 Ossuary: 190 daAuts
    D:12: 146 daAuts
